 Dungeon Crawl Stone Soup version 0.24.0-10-g970556be89 (webtiles) character file.

Game seed: 1143336329780913737, levelgen mode: deterministic

302962 wullow the Hoplite (level 21, 0/136 HPs)
             Began as a Gargoyle Fighter on Nov 3, 2019.
             Was the Champion of Okawaru.
             Shot with an arrow by a deep elf master archer (10 damage)
             ... on level 3 of the Elven Halls.
             The game lasted 02:55:05 (47906 turns).

wullow the Hoplite (Gargoyle Fighter)              Turns: 47906, Time: 02:55:06

Health: 0/136      AC: 48    Str: 31    XL:     21   Next: 7%
Magic:  28/28      EV:  8    Int: 14    God:    Okawaru [******]
Gold:   4058       SH: 29    Dex: 16    Spells: 25/30 levels left

rFire    . . .     SeeInvis +   i - +10 morningstar "Eos" {elec, Halo rElec}
rCold    . . .     Gourm    .   D - +4 large shield {AC+3}
rNeg     + . .     Faith    .   S - +7 chain mail {MR+}
rPois    ∞         Spirit   .   m - +1 hat {MR+}
rElec    +         Reflect  .   X - +0 cloak {MR+}
rCorr    +         Harm     .   Z - +0 pair of gloves {Dex+3}
MR       ++++.                  T - +1 pair of boots "Beitav" {Str+8 Dex+2}
Stlth    +.........             R - amulet of magic regeneration
HPRegen  0.32/turn              c - ring of resist corrosion
MPRegen  0.46/turn              K - ring of see invisible

@: flying, glowing, lightly drained
A: big wings, slimy green scales 1, negative energy resistance 1, electricity
resistance, unbreathing, petrification resistance, rot immunity, AC +16
}: 2/15 runes: decaying, gossamer
a: Stop Flying, Heroism, Finesse, Renounce Religion


You were on level 3 of the Elven Halls.
You worshipped Okawaru.
Okawaru was exalted by your worship.
You were not hungry.

You visited 7 branches of the dungeon, and saw 35 of its levels.
You also visited: Sewer, Bailey, Gauntlet and Volcano.

You collected 4200 gold pieces.
You spent 142 gold pieces at shops.

Inventory:

Hand Weapons
 g - a +8 mace of freezing
 i - the +10 morningstar "Eos" (weapon) {elec, Halo rElec}
   (Okawaru gifted it to you on level 6 of the Lair of Beasts)

   Occasionally, upon striking a foe, it will discharge some electrical energy
   and cause terrible harm.
   It insulates you from electricity.
Missiles
 y - 38 javelins (quivered)
 W - a throwing net
Armour
 k - a +0 cloak of invisibility
 m - a +1 hat of magic resistance (worn)
 D - a +4 large shield of protection (worn)
 O - the -2 hat of the Alchemist {rElec rPois rF+ rC+ rN+ MR+ rMut rCorr}
   (You found it on level 8 of the Dungeon)

   It protects you from fire.
   It protects you from cold.
   It insulates you from electricity.
   It protects you from poison.
   It protects you from negative energy.
   It affects your resistance to hostile enchantments.
   It provides partial protection from all sources of acid and corrosion.
   It protects you from mutation.
 S - a +7 chain mail of magic resistance (worn)
 T - the +1 pair of boots "Beitav" (worn) {Str+8 Dex+2}
   (Okawaru gifted it to you on level 14 of the Dungeon)

   It affects your strength (+8).
   It affects your dexterity (+2).
 V - a scarf of resistance
 X - a +0 cloak of magic resistance (worn)
 Z - a +0 pair of gloves of dexterity (worn)
Jewellery
 c - a ring of resist corrosion (left hand)
 A - an uncursed ring of positive energy
 B - an uncursed amulet of regeneration
 K - a ring of see invisible (right hand)
 R - an amulet of magic regeneration (around neck)
Wands
 a - a wand of iceblast (10)
 d - a wand of acid (25)
 e - a wand of polymorph (26)
 j - a wand of paralysis (21)
 o - a wand of clouds (5)
 P - a wand of digging (34)
 Y - a wand of enslavement (21)
Scrolls
 b - 8 scrolls of blinking
 h - 17 scrolls of teleportation
 l - 4 scrolls of magic mapping
 p - a scroll of enchant armour
 u - 4 scrolls of fear
 x - 15 scrolls of remove curse
 G - 6 scrolls of fog
 H - 14 scrolls of identify
 I - 4 scrolls of summoning
 J - a scroll of amnesia
 L - 4 scrolls of silence
 N - 2 scrolls of holy word
Potions
 r - 7 potions of haste
 s - 11 potions of heal wounds
 t - 4 potions of magic
 w - 15 potions of curing
 z - 4 potions of agility
 C - 4 potions of resistance
 E - 11 potions of might
 F - a potion of brilliance
 Q - 4 potions of cancellation
 U - 3 potions of berserk rage
Miscellaneous
 n - a box of beasts
 q - a sack of spiders
 v - a lamp of fire
 M - a phial of floods
Comestibles
 f - 55 rations


   Skills:
 + Level 15.9(15.3) Fighting
 - Level 16.0(15.4) Maces & Flails
 + Level 15.9(15.4) Armour
 - Level 8.0(7.5) Stealth
 * Level 21.1(20.5) Shields
 - Level 5.0(4.5) Spellcasting
 - Level 2.0(1.6) Hexes
 - Level 2.0(1.6) Charms
 - Level 2.0(1.6) Transmutations
 - Level 4.0(3.6) Earth Magic
 - Level 8.0(7.5) Invocations
 - Level 10.0(9.5) Evocations


You had 25 spell levels left.
You knew the following spells:

 Your Spells              Type           Power        Failure   Level  Hunger
a - Passwall              Tmut/Erth      ##......     45%         2    ##.....
b - Spectral Weapon       Hex/Chrm       #.......     83%         3    ###....

Your spell library contained the following spells:

 Spells                   Type           Power        Failure   Level  Hunger
 Sandblast                Erth           ##....       22%         1    None
 Beastly Appendage        Tmut           #.....       45%         1    None
 Slow                     Hex            #.......     61%         2    ##.....
 Sticks to Snakes         Tmut           #.......     61%         2    ##.....
 Animate Skeleton         Necr           N/A          71%         1    None
 Freeze                   Ice            #...         71%         1    None
 Magic Dart               Conj           #...         71%         1    None
 Pain                     Necr           #...         71%         1    None
 Sting                    Conj/Pois      #...         71%         1    None
 Summon Butterflies       Summ           #.......     71%         1    None
 Swiftness                Chrm/Air       #.......     73%         2    ##.....
 Stone Arrow              Conj/Erth      #.....       82%         3    ###....
 Blink                    Tloc           N/A          83%         2    ##.....
 Call Imp                 Summ           #.......     83%         2    ##.....
 Corpse Rot               Necr           N/A          83%         2    ##.....
 Throw Frost              Conj/Ice       #.....       83%         2    ##.....
 Ozocubu's Armour         Chrm/Ice       #.......     91%         3    ###....
 Regeneration             Chrm/Necr      #.........   91%         3    ###....
 Spider Form              Tmut/Pois      #.........   91%         3    ###....
 Conjure Flame            Conj/Fire      #.......     97%         3    ###....
 Mephitic Cloud           Conj/Pois/Air  #.......     97%         3    ###....
 Vampiric Draining        Necr           #.........   97%         3    ###....
 Petrify                  Tmut/Erth      ##......     98%         4    ####...
 Lee's Rapid Deconstruct  Erth           ##........   99%         5    ######.
 Animate Dead             Necr           N/A          100%        4    ####...
 Force Lance              Conj/Tloc      #.......     100%        4    ####...
 Ice Form                 Ice/Tmut       #.......     100%        4    ####...
 Passage of Golubria      Tloc           N/A          100%        4    ####...
 Summon Ice Beast         Ice/Summ       #.......     100%        4    ####...
 Throw Icicle             Conj/Ice       #.......     100%        4    ####...
 Agony                    Necr           #.......     100%        5    ######.
 Blade Hands              Tmut           #.........   100%        5    ######.
 Bolt of Draining         Conj/Necr      #.........   100%        5    ######.
 Dispel Undead            Necr           #.......     100%        5    ######.
 Excruciating Wounds      Chrm/Necr      #.........   100%        5    ######.
 Summon Mana Viper        Hex/Summ       #.......     100%        5    ######.
 Yara's Violent Unravell  Hex/Tmut       #.........   100%        5    ######.
 Darkness                 Hex            #.........   100%        6    #######
 Invisibility             Hex            #.......     100%        6    #######
 Shadow Creatures         Summ           N/A          100%        6    #######
 Sublimation of Blood     Necr           Unusable     N/A         2    N/A
 Statue Form              Tmut/Erth      Unusable     N/A         6    N/A

Dungeon Overview and Level Annotations

Branches:
Dungeon (15/15)            Temple (1/1) D:4            Lair (6/6) D:9
  Swamp (4/4) Lair:4       Spider (4/4) Lair:2        Slime (0/5) Lair:6
    Orc (2/2) D:9             Elf (3/3) Orc:2        Vaults (0/5) D:14
 Depths (0/5) D:15          Sewer (visited)          Bailey (visited)
Volcano (visited)         Gauntlet (visited)

Altars:
Ashenzari
Cheibriados
Dithmenos
Elyvilon
Fedhas
Gozag
Hepliaklqana
Kikubaaqudgha
Makhleb
Nemelex Xobeh
Okawaru
Qazlal
Ru
Sif Muna
Trog
Uskayaw
Vehumet
Wu Jian
Xom
Yredelemnul
Zin
The Shining One
Beogh
Jiyva

Shops:
D:11 *   D:14 (   Orc:2 [[((   Elf:2 }

Annotations:
D:9 3 runed translucent doors, exclusion: 3 doors


Innate Abilities, Weirdness & Mutations

You are resistant to torment.
Your stone body is resilient. (AC +16)
You are immune to poison.
Your large and strong wings let you fly indefinitely.
You resist negative energy. (rN+)
You are resistant to electric shocks. (rElec)
You can survive without breathing.
You are immune to petrification.
You are immune to rotting.
You are partially covered in slimy green scales. (AC +2)


Message History

The deep elf death mage draws life force from you and is healed!
The deep elf annihilator points at you and mumbles some strange words.
The crystal spear hits you!!
* * * LOW HITPOINT WARNING * * *
The deep elf master archer shoots an arrow.
You block the arrow.
You see here an arrow.
You impale the deep elf death mage!!
The deep elf death mage is almost dead.
The deep elf master archer shoots an arrow.
You block the arrow.
The deep elf death mage casts a spell at you.
The bolt of negative energy hits you!! You partially resist.
You feel drained.
* * * LOW HITPOINT WARNING * * *
You block the deep elf annihilator's attack.
You impale the deep elf death mage!!
The lost soul assumes the form of the deep elf death mage and becomes anchored to this world!
The deep elf master archer shoots an arrow.
The arrow hits you!
You die...

#.....## ##...........## ##.....
#.....## ##.........## ##....
##...## ##...(...## ##... ##.#
###..(..### ##.# ## .##.(.##.#
### #.##.##..# #..#.#..# #.e#.#.#
##############.(@e..#############
..........#(..).e...#...........#
..........#.....)...'..... .....#
.....)....'.....))..#..... ...'
######)#########)####'#########'#
.......)).)(.(()))..)............
............./)).................
#################################
≈≈≈≈≈≈≈≈≈≈≈≈≈≈≈≈≈≈≈≈≈≈≈≈≈≈≈≈≈≈≈≈≈


You could see a deep elf master archer, a deep elf annihilator and a ghostly
deep elf death mage.

Vanquished Creatures
  Nikola (Elf:1)
  Arachne (Spider:2)
  Jorgrun (D:13)
  2 deep elf blademasters
  A deep elf master archer (Elf:3)
  Kirke (Lair:5)
  3 thorn hunters (Swamp:3)
  9 deep elf sorcerers
  2 orc warlords (Orc:2)
  5 ghost moths
  2 emperor scorpions (Spider:4)
  5 deep elf elementalists (Elf:3)
  Louise (D:15)
  A very ugly thing (Swamp:3)
  7 entropy weavers
  3 deep elf demonologists (Elf:3)
  6 deep elf annihilators (Elf:3)
  Nessos (D:15)
  Azrael (Spider:1)
  A minotaur (Gauntlet)
  4 spark wasps (Spider:4)
  Snorg (Orc:1)
  2 deep elf death magi (Elf:3)
  6 fire dragons
  3 deep elf high priests (Elf:3)
  21 hydras
  3 ghost crabs
  4 centaur warriors
  A death knight (D:14)
  6 shambling mangroves
  17 alligators
  27 dancing weapons
  An ogre mage (D:15)
  10 two-headed ogres
  2 death yaks
  Urug (Lair:1)
  6 orc high priests
  13 deep elf knights
  2 skeletal warriors (Volcano)
  4 unseen horrors
  2 fire crabs (Swamp:4)
  A spriggan druid (Swamp:4)
  5 swamp dragons
  12 deep elf archers
  An anaconda skeleton (Volcano)
  6 orc knights
  2 lindwurms
  38 deep elf magi
  17 orb spiders
  15 ugly things
  6 orc sorcerers
  4 manticores
  8 elephants
  2 oklob plants (Swamp:3)
  31 wolf spiders
  4 cyclopes
  3 moths of wrath
  A cyclops (shapeshifter) (Orc:2)
  A guardian serpent (Lair:6)
  14 black mambas
  A black mamba (shapeshifter) (Elf:2)
  A molten gargoyle (Swamp:4)
  3 torpor snails
  7 gargoyles
  2 centaur zombies
  16 demonic crawlers
  18 spiny frogs
  8 rime drakes
  10 komodo dragons
  A polar bear (Lair:2)
  A small abomination (Elf:3)
  23 hornets
  12 tyrant leeches
  2 tengu conjurers
  29 jumping spiders
  A queen bee (Lair:1)
  6 trolls
  10 slime creatures (Swamp:1)
  A harpy skeleton (Volcano)
  6 bog bodies
  12 hippogriffs
  7 blink frogs
  3 flying skulls (Volcano)
  110 redbacks
  3 air elementals
  2 centaur simulacra
  5 water elementals
  3 shadows
  A tarantella (shapeshifter) (Elf:1)
  2 wraiths
  31 tarantellas
  23 yaks
  5 fire elementals
  4 fire bats (Swamp:4)
  6 spriggans
  15 wyverns
  A basilisk (Lair:6)
  2 hungry ghosts (D:11)
  4 hogs (D:7)
  A human (D:7)
  5 steam dragons
  25 vampire mosquitoes
  11 wargs
  32 water moccasins
  A soldier ant (D:12)
  A naga (shapeshifter) (D:13)
  A hell hound (Spider:1)
  14 swamp worms
  2 acid dragons (Lair:6)
  51 orc warriors
  8 porcupines
  3 sky beasts
  Purgy (Sewer)
  5 ice beasts
  A black bear (D:7)
  12 swamp drakes
  2 eyes of draining
  7 necrophages
  3 phantoms
  24 ogres
  12 centaurs
  11 wolves
  16 crocodiles
  4 big kobolds
  18 bullfrogs
  4 earth elementals
  7 scorpions
  3 wyvern skeletons
  A water moccasin skeleton (D:11)
  31 killer bees
  9 wights
  2 spriggan skeletons (Volcano)
  A troll skeleton (Volcano)
  4 electric eels
  A howler monkey (D:12)
  8 crimson imps
  A lava snake (Swamp:4)
  A quasit (D:7)
  12 orc wizards
  5 hounds
  A jelly (D:7)
  31 orc priests
  A wyvern simulacrum (Gauntlet)
  2 bullfrog skeletons
  4 centaur skeletons
  Natasha (thrice) (D:2)
  7 iguanas
  7 worker ants
  A bullfrog simulacrum (Gauntlet)
  A hound zombie (D:11)
  A hound skeleton (D:7)
  2 worker ant zombies
  5 gnolls
  11 adders
  2 shadow imps
  3 adder skeletons
  6 dart slugs
  10 leopard geckos
  116 orcs
  3 ball pythons
  7 giant cockroaches
  13 goblins
  8 hobgoblins
  15 jackals
  21 kobolds
  3 quokkas
  5 bats
  8 frilled lizards
  A giant cockroach zombie (D:5)
  A leopard gecko skeleton (D:7)
  8 rats
  14 briar patches (Swamp:3)
  A crawling corpse (Elf:3)
1441 creatures vanquished.

Vanquished Creatures (others)
  A dancing weapon (Elf:2)
  A swamp dragon (Swamp:4)
  A wolf spider (Spider:3)
  A deep elf mage (Elf:1)
  A spiny frog (Swamp:4)
  A hornet (Swamp:3)
  A spriggan (Swamp:3)
  A human (Lair:5)
  5 steam dragons (Swamp:4)
  2 swamp worms (Swamp:4)
  3 swamp drakes (Swamp:4)
  2 orc warriors
  A bullfrog (Lair:5)
  4 briar patches (Swamp:3)
  18 fungi
  19 plants
62 creatures vanquished.

Grand Total: 1503 creatures vanquished

Notes
Turn   | Place    | Note
-------+----------+-------------------------------------------
     0 | D:1      | wullow the Gargoyle Fighter began the quest for the Orb.
     0 | D:1      | Reached XP level 1. HP: 14/14 MP: 1/1
    69 | D:1      | Reached XP level 2. HP: 15/19 MP: 2/2
   330 | D:1      | Reached XP level 3. HP: 23/23 MP: 3/3
  1150 | D:2      | Noticed Natasha
  1165 | D:2      | Killed Natasha
  1165 | D:2      | Reached XP level 4. HP: 22/29 MP: 4/4
  1366 | D:2      | Found an opulent altar of Gozag.
  1407 | D:2      | Noticed Natasha
  1451 | D:2      | Reached skill level 4 in Shields
  1460 | D:2      | Killed Natasha
  1485 | D:2      | Reached XP level 5. HP: 25/33 MP: 5/5
  1807 | D:2      | Found a faded altar of an unknown god.
  1949 | D:2      | Noticed Natasha
  1959 | D:2      | Killed Natasha
  2391 | D:3      | Reached XP level 6. HP: 38/39 MP: 6/6
  3054 | D:4      | Found a glowing drain.
  3087 | Sewer    | Entered a sewer
  3211 | Sewer    | Noticed Purgy
  3226 | Sewer    | Killed Purgy
  3404 | D:4      | Reached skill level 5 in Fighting
  3404 | D:4      | Reached skill level 5 in Shields
  3404 | D:4      | Reached XP level 7. HP: 29/44 MP: 7/7
  3544 | D:4      | Found a staircase to the Ecumenical Temple.
  3552 | D:4      | Reached skill level 5 in Armour
  3569 | Temple   | Entered the Ecumenical Temple
  3699 | Temple   | Became a worshipper of Warmaster Okawaru
  3926 | D:5      | Entered Level 5 of the Dungeon
  4861 | D:6      | Reached * piety under Okawaru
  4861 | D:6      | Reached skill level 5 in Maces & Flails
  4913 | D:6      | Reached skill level 6 in Shields
  4913 | D:6      | Reached XP level 8. HP: 42/50 MP: 8/8
  5860 | D:6      | Found an ornate altar of the Wu Jian Council.
  6037 | D:7      | Reached ** piety under Okawaru
  6037 | D:7      | Reached skill level 7 in Shields
  6106 | D:7      | Reached XP level 9. HP: 52/56 MP: 9/9
  6688 | D:7      | Reached skill level 8 in Shields
  6819 | D:7      | Reached *** piety under Okawaru
  7087 | D:8      | Reached skill level 9 in Shields
  7302 | D:8      | Reached skill level 1 in Spellcasting
  7354 | D:8      | Reached XP level 10. HP: 29/63 MP: 9/11
  7860 | D:8      | Reached **** piety under Okawaru
  7867 | D:8      | Found the -2 hat of the Alchemist {rElec rPois rF+ rC+ rN+
                  | MR+ rMut rCorr}
  9204 | D:9      | Reached skill level 10 in Shields
  9212 | D:9      | Found a staircase to the Orcish Mines.
  9298 | D:9      | Noticed an elephant
  9313 | D:9      | Killed an elephant
  9397 | D:9      | Found a runed translucent gate.
  9397 | D:9      | Found a runed translucent gate.
  9398 | D:9      | Found a runed translucent gate.
  9398 | D:9      | Noticed a glowing orange brain
  9398 | D:9      | Noticed a purple ugly thing
  9398 | D:9      | Noticed a cyan ugly thing
  9402 | D:9      | Noticed a white ugly thing
  9404 | D:9      | Noticed a cyan ugly thing
  9568 | D:9      | Reached ***** piety under Okawaru
  9731 | D:9      | Found a staircase to the Lair.
  9819 | D:9      | Found a burning altar of Makhleb.
  9821 | D:9      | Noticed a green death
  9893 | D:10     | Entered Level 10 of the Dungeon
 10323 | D:10     | Reached XP level 11. HP: 66/69 MP: 14/14
 10668 | D:10     | Found a white marble altar of Elyvilon.
 10932 | D:11     | Identified the Almanac of Assistive Transmigration
 10937 | D:11     | Learned a level 2 spell: Passwall
 10941 | D:11     | Learned a level 3 spell: Spectral Weapon
 10941 | D:11     | Found a gate leading to a gauntlet.
 10942 | D:11     | Noticed a seven-headed hydra
 10947 | D:11     | Found Qizie's General Store.
 10951 | Gauntlet | Entered a Gauntlet
 10951 | Gauntlet | Found a transporter.
 10951 | Gauntlet | Found a transporter.
 10956 | Gauntlet | Found a transporter.
 10956 | Gauntlet | Noticed a tengu warrior
 10971 | Gauntlet | Found a transporter.
 10984 | Gauntlet | Noticed a tengu warrior
 10985 | Gauntlet | Found a transporter.
 10998 | Gauntlet | Found a transporter.
 11086 | Gauntlet | Found a transporter.
 11101 | Gauntlet | Found a transporter.
 11117 | Gauntlet | Found a transporter.
 11129 | Gauntlet | Found a transporter.
 11144 | Gauntlet | Noticed an entropy weaver
 11145 | Gauntlet | Found a transporter.
 11212 | Gauntlet | Found a transporter.
 11251 | Gauntlet | Reached skill level 1 in Invocations
 11300 | Gauntlet | Found a transporter.
 11305 | Gauntlet | Reached skill level 1 in Evocations
 11580 | Gauntlet | Killed an entropy weaver
 11580 | Gauntlet | Received a gift from Okawaru
 11831 | Gauntlet | Found a transporter.
 11907 | Gauntlet | Noticed a minotaur
 11924 | Gauntlet | HP: 3/71 [minotaur/+5 falchion of flaming (2)]
 11928 | Gauntlet | Killed a minotaur
 11954 | Gauntlet | Got a twisted flail
 11956 | Gauntlet | Identified the cursed +2 flail "Enoh" {drain, Str+3} (You
                  | found it in a Gauntlet)
 12113 | D:11     | Killed a seven-headed hydra
 12164 | D:11     | Reached skill level 10 in Maces & Flails
 12384 | D:11     | Noticed a manticore
 12414 | D:11     | Killed a manticore
 12414 | D:11     | Reached skill level 11 in Shields
 12416 | D:11     | Noticed a red ugly thing
 12425 | D:11     | Killed a red ugly thing
 12425 | D:11     | Noticed a white ugly thing
 12436 | D:11     | Killed a white ugly thing
 12506 | D:11     | Reached XP level 12. HP: 59/76 MP: 15/15
 12677 | D:11     | Noticed a seven-headed hydra
 12691 | D:11     | Killed a seven-headed hydra
 12691 | D:11     | Received a gift from Okawaru
 12946 | D:11     | Bought a scroll of summoning for 142 gold pieces
 14026 | D:12     | Reached skill level 10 in Armour
 14034 | D:12     | Reached skill level 10 in Fighting
 14200 | D:12     | Got a jewelled rapier
 14442 | D:9      | Identified the +4 rapier of the Ass {flame, Int+4} (You
                  | found it on level 12 of the Dungeon)
 14454 | Lair:1   | Entered Level 1 of the Lair of Beasts
 14558 | Lair:1   | Reached skill level 1 in Stealth
 14558 | Lair:1   | Reached skill level 5 in Invocations
 14564 | Lair:1   | Reached skill level 1 in Earth Magic
 14637 | Lair:1   | Noticed a six-headed hydra
 14651 | Lair:1   | Killed a six-headed hydra
 14747 | Lair:1   | Noticed Urug
 14763 | Lair:1   | Killed Urug
 14763 | Lair:1   | Reached skill level 12 in Shields
 14878 | Lair:1   | Reached skill level 1 in Hexes
 14900 | Lair:1   | Reached skill level 1 in Charms
 14912 | Lair:1   | Reached skill level 1 in Transmutations
 14932 | Lair:1   | Reached XP level 13. HP: 81/82 MP: 16/16
 14937 | Lair:1   | Received a gift from Okawaru
 16385 | Lair:2   | Found a hole to the Spider Nest.
 16877 | Lair:3   | Found a dark tunnel.
 16948 | Volcano  | Entered a volcano
 19437 | Lair:4   | Gained mutation: Your large and strong wings let you fly
                  | indefinitely. [Gargoyle growth]
 19437 | Lair:4   | Reached XP level 14. HP: 88/88 MP: 19/19
 19774 | Lair:4   | Found a staircase to the Swamp.
 19930 | Lair:5   | Reached skill level 13 in Shields
 19930 | Lair:5   | Reached skill level 5 in Evocations
 19943 | Lair:5   | Reached ****** piety under Okawaru
 19943 | Lair:5   | Received a gift from Okawaru
 20150 | Lair:5   | Noticed Kirke
 20628 | Lair:5   | Killed Kirke
 20656 | Lair:5   | Reached skill level 5 in Stealth
 21273 | Lair:6   | Entered Level 6 of the Lair of Beasts
 21312 | Lair:6   | Found a viscous altar of Jiyva.
 21322 | Lair:6   | Found a staircase to the Slime Pits.
 22045 | D:9      | Reached skill level 14 in Shields
 22045 | D:9      | Reached XP level 15. HP: 94/94 MP: 20/20
 22316 | Lair:6   | Got a heavily runed scale mail
 22327 | Lair:6   | Identified the +4 scale mail "Istrimona" {Dex+3} (You found
                  | it on level 6 of the Lair of Beasts)
 22452 | Lair:6   | Reached skill level 15 in Shields
 22470 | Lair:6   | Received a gift from Okawaru
 22471 | Lair:6   | Found the +10 morningstar "Eos" {elec, Halo rElec}
 23761 | D:13     | Found a flagged portal.
 23808 | D:13     | Reached XP level 16. HP: 100/100 MP: 21/21
 23812 | Bailey   | Entered a bailey
 24604 | D:13     | Noticed Jorgrun
 24622 | D:13     | Killed Jorgrun
 25588 | D:14     | Received a gift from Okawaru
 25598 | D:14     | Got a pair of brightly glowing boots {god gift}
 25609 | D:14     | Identified the +1 pair of boots "Beitav" {Str+8 Dex+2}
                  | (Okawaru gifted it to you on level 14 of the Dungeon)
 25949 | D:14     | Found a gate to the Vaults.
 25966 | D:14     | Found Annana's Weapon Emporium.
 26429 | Orc:1    | Entered Level 1 of the Orcish Mines
 26968 | Orc:1    | Found a shimmering blue altar of Sif Muna.
 26986 | Orc:1    | Identified Sif Muna's Reference Book on Creation
 27068 | Orc:2    | Entered Level 2 of the Orcish Mines
 27304 | Orc:2    | Reached skill level 16 in Shields
 27581 | Orc:2    | Found a roughly hewn altar of Beogh.
 27619 | Orc:2    | Paralysed by an orc sorcerer for 5 turns
 27719 | Orc:2    | Found Syr Utawucik's Armour Emporium.
 27772 | Orc:2    | Found Xecigreere's Armour Shoppe.
 28511 | Orc:2    | Found Hixtealick's Antique Weapon Shoppe.
 28591 | Orc:2    | Found a roughly hewn altar of Beogh.
 28623 | Orc:2    | Received a gift from Okawaru
 28778 | Orc:2    | Found Leimm's Antique Weapon Shop.
 29126 | Orc:2    | Found a staircase to the Elven Halls.
 29208 | Orc:2    | Reached XP level 17. HP: 71/106 MP: 22/22
 29761 | Orc:1    | Noticed Snorg
 29769 | Orc:1    | Killed Snorg
 30228 | Swamp:1  | Entered Level 1 of the Swamp
 30425 | Swamp:1  | Got a translucent whip
 30625 | Swamp:1  | Received a gift from Okawaru
 31009 | Swamp:1  | Got a scorched jade ring
 31010 | Swamp:1  | Identified the ring "Ysoocw" {*Tele rC+ Str+4} (You found
                  | it on level 1 of the Swamp)
 31883 | Swamp:2  | Identified the +5 whip of the Gloaming {vamp, Int+2 Dex+3}
                  | (You found it on level 1 of the Swamp)
 32525 | Swamp:3  | Reached skill level 15 in Maces & Flails
 32697 | Swamp:3  | Reached skill level 17 in Shields
 33720 | Swamp:4  | Entered Level 4 of the Swamp
 34047 | Swamp:4  | Received a gift from Okawaru
 34127 | Swamp:4  | Reached XP level 18. HP: 99/114 MP: 24/24
 35311 | Swamp:4  | Reached skill level 5 in Spellcasting
 35582 | Swamp:4  | Got a decaying rune of Zot
 35840 | Swamp:1  | Got a bloodstained chain mail
 35851 | Swamp:1  | Identified the cursed +0 chain mail "Yfodoli" {+Fly rC+ rN+
                  | Dex+3} (You found it on level 1 of the Swamp)
 36026 | Spider:1 | Entered Level 1 of the Spider Nest
 37248 | Spider:1 | Noticed Azrael
 37353 | Spider:1 | Killed Azrael
 38152 | Spider:2 | Reached skill level 18 in Shields
 38221 | Spider:2 | Noticed Arachne
 38246 | Spider:2 | Killed Arachne
 38557 | Spider:2 | Received a gift from Okawaru
 39311 | Spider:3 | Reached XP level 19. HP: 85/120 MP: 26/26
 39791 | Spider:4 | Entered Level 4 of the Spider Nest
 40711 | Spider:4 | Reached skill level 19 in Shields
 40791 | Spider:4 | Received a gift from Okawaru
 40907 | Spider:4 | Got a gossamer rune of Zot
 42268 | D:15     | Entered Level 15 of the Dungeon
 42559 | D:15     | Noticed Louise
 42574 | D:15     | Killed Louise
 42862 | D:15     | Noticed Nessos
 42881 | D:15     | Killed Nessos
 43073 | D:15     | Found a staircase to the Depths.
 43560 | Elf:1    | Entered Level 1 of the Elven Halls
 43578 | Elf:1    | Gained mutation: You are partially covered in slimy green
                  | scales. (AC +2) [a neqoxec]
 44125 | Elf:1    | Noticed Nikola
 44147 | Elf:1    | Killed Nikola
 44156 | Elf:1    | Reached XP level 20. HP: 105/128 MP: 23/27
 44209 | Elf:1    | Reached skill level 10 in Evocations
 44233 | Elf:1    | Identified Vunkippu's Incunabulum of Supportive Combat
                  | Magic
 45152 | Elf:2    | Reached skill level 15 in Armour
 45154 | Elf:2    | Received a gift from Okawaru
 45155 | Elf:2    | Got a bloodstained mace {god gift}
 45162 | Elf:2    | Identified the +3 mace "Vyme Kum" {flame, rElec rC- Str+3}
                  | (Okawaru gifted it to you on level 2 of the Elven Halls)
 45176 | Elf:2    | Found Huith's Gadget Boutique.
 45251 | Elf:2    | Reached skill level 15 in Fighting
 45253 | Elf:2    | Found a runed translucent door.
 45264 | Elf:2    | Found a runed translucent door.
 45288 | Elf:2    | Reached skill level 20 in Shields
 46140 | Elf:3    | Entered Level 3 of the Elven Halls
 46145 | Elf:3    | Received a gift from Okawaru
 46639 | Elf:3    | Noticed a Brimstone Fiend
 47675 | Elf:3    | Identified the amulet of the Good {Gourm rElec rC- SInv
                  | Stlth-}
 47681 | Elf:3    | Noticed a Brimstone Fiend
 47702 | Elf:3    | Reached skill level 21 in Shields
 47722 | Elf:3    | Identified the +7 hand axe "Xixov" {freeze, +Fly}
 47736 | Elf:3    | Identified the +2 robe "Coda" {rN+}
 47746 | Elf:3    | Reached XP level 21. HP: 136/136 MP: 28/28
 47752 | Elf:3    | Received a gift from Okawaru
 47864 | Elf:3    | Identified the +5 quarterstaff of Unpleasantness {freeze,
                  | *Noise +Blink rPois Str+4}
 47864 | Elf:3    | Identified the amulet of the Princes {Faith *Drain rElec
                  | Str+3}
 47906 | Elf:3    | Shot with an arrow by a deep elf master archer

Levels and vault maps discovered:
D:1:      dpeg_arrival_tiny_i, layout_rooms, grunt_decor_fettered,
          kennysheep_nondescript, minivault_25
D:2:      minmay_chambers_of_ones, layout_basic,
          chequers_ecumenical_altar_island,
          nicolae_gozag_cash_rules_everything_around_me, uniq_natasha
D:3:      layout_loops_ring
D:4:      layout_rooms, gup_sewer_entry_pipe
D:5:      kennysheep_windowed_halls, layout_cave_pods, first_ration
D:6:      layout_loops_cross, marbit_many_paths, kennysheep_generic_room_14
D:7:      layout_basic, grunt_livestock
D:8:      layout_basic
D:9:      layout_roguey, makhleb_altar_promises_db, david_lair_generic,
          david_orc_4, ploomutoo_gammafunk_ghost_potion_laboratory
D:10:     layout_roguey, elyvilon_altar_3
D:11:     minmay_imperfect_grid, layout_small_grid, serial_shops, shop,
          gauntlet_entry_generic
D:12:     layout_loops_ring
D:13:     layout_small_grid, enter_bailey_3, chequers_serial_rivers_room_b,
          grunt_tough_drop, uniq_jorgrun
D:14:     layout_small_grid, erik_vaults_1, serial_shops, shop,
          kennysheep_cluttered_room
D:15:     grunt_enter_depths_hoard, layout_long_grid,
          minmay_misc_feat_secret_circle, grunt_ministairs_13, uniq_louise,
          uniq_nessos
Temple:   regret_index_temple_chain_breaker
Lair:1:   layout_small_grid, special_room [special_room_bee],
          infiniplex_staircase_pool, grunt_megastairs_5, uniq_urug
Lair:2:   layout_chaotic_city, spider_nest_entry_funnel_web, nzn_random_ring
Lair:3:   layout_cave_pods, nicolae_volcano_entry_lava_flow,
          serial_bayou_shore_b
Lair:4:   layout_long_grid, nicolae_swamp_entry_splash_gauntlet,
          beast_lair_carwin_9
Lair:5:   beast_lair_carwin_large_3, layout_cave_pods, uniq_kirke
Lair:6:   hangedman_lair_tendril_chambers, layout_concentric_octagons,
          guppyfry_lair_end_dragon, slime_altar_1
Swamp:1:  layout_basic_swamp, evilmike_swamp_ruin_house_3, swamp_pool1,
          nicolae_swamp_hydra_murder_den
Swamp:2:  layout_falls_marsh, nicolae_swamp_treefoil, swamp_pool1
Swamp:3:  nicolae_swamp_phyte_club, layout_falls_marsh,
          nicolae_swamp_fairy_circle, infiniplex_staircase_pool_2
Swamp:4:  swamp_fiery, layout_basic_swamp, swamp_pool4, roderic_carrion_pond
Spider:1: layout_spider_delve, drop_trap, uniq_azrael
Spider:2: layout_spider_delve, uniq_arachne
Spider:3: layout_spider_delve
Spider:4: johnstein_spider_rune_arachne_lair, special_room
Orc:1:    layout_diamond_mine, led_sif_book, uniq_snorg
Orc:2:    pubby_orc_utopia, serial_shops
Elf:1:    minmay_elf_arrival_plus, layout_onion_city, minmay_elf_sorcery,
          minmay_misc_feat_five, uniq_nikola
Elf:2:    layout_geoelf_grid, serial_shops, shop
Elf:3:    minmay_elf_hall_four_x, layout_geoelf_castle, minivault_11

Skill      XL: |  1  2  3  4  5  6  7  8  9 10 11 12 13 14 15 16 17 18 19 20 |
---------------+-------------------------------------------------------------+-----
Maces & Flails | 3 4 5 6 7 9 10 11 12 13 14 15 16 | 16.0
Shields        | 4 5 6 7 9 10 11 12 14 15 16 17 18 19 21 | 21.1
Fighting       | 4 5 6 7 8 9 10 11 12 13 14 15 | 15.9
Armour         | 4 5 6 7 8 9 10 11 12 13 14 15 | 15.9
Spellcasting   | 1 2 3 4 5 |  5.0
Invocations    | 3 5 6 7 8 |  8.0
Evocations     | 2 3 4 6 7 8 9 10 | 10.0
Stealth        | 2 4 5 7 8 |  8.0
Earth Magic    | 2 4 |  4.0
Hexes          | 1 2 |  2.0
Charms         | 1 2 |  2.0
Transmutations | 1 2 |  2.0

Action                   |  1- 3 |  4- 6 |  7- 9 | 10-12 | 13-15 | 16-18 | 19-21 || total
-------------------------+-------+-------+-------+-------+-------+-------+-------++-------
Melee: Flail             |   155 |   296 |   568 |   367 |       |       |       ||  1386
       Morningstar       |       |       |       |   516 |    39 |  1544 |   942 ||  3041
       Mace              |       |       |       |   239 |  1175 |    11 |       ||  1425
Throw: Stone             |       |       |     1 |       |       |       |       ||     1
       Dart              |       |       |       |       |     3 |     5 |       ||     8
       Javelin           |       |       |       |       |       |    20 |    10 ||    30
Invok: Heroism           |       |       |     4 |    13 |     9 |    23 |    11 ||    60
       Finesse           |       |       |       |     7 |     4 |    12 |     7 ||    30
 Abil: Evoke Invisibilit |       |       |       |       |     1 |     2 |       ||     3
       Fly               |       |       |       |       |       |     1 |       ||     1
Evoke: Wand              |       |       |       |     6 |       |     7 |       ||    13
       Lamp of fire      |       |       |       |       |       |       |     1 ||     1
  Use: Scroll            |       |     6 |     6 |    28 |    10 |    11 |     5 ||    66
       Potion            |       |     1 |     1 |     2 |     1 |       |       ||     5
 Stab: Invisible         |       |       |       |       |       |     6 |       ||     6
       Confused          |       |       |       |       |       |     2 |       ||     2
  Eat: Chunk             |     1 |     8 |    10 |    24 |    24 |    37 |    18 ||   122
       Ration            |       |       |     1 |     2 |     2 |     4 |     3 ||    12
Armor: Scale mail        |    92 |   128 |       |       |       |       |       ||   220
       Chain mail        |       |    85 |   248 |   416 |   431 |   662 |   339 ||  2181
       Skin              |       |       |       |     1 |       |       |       ||     1
Dodge: Dodged            |    58 |    86 |   132 |   259 |   124 |   260 |   120 ||  1039
Block: Shield            |   117 |   195 |   312 |   504 |       |       |       ||  1128
       Large shield      |       |       |       |   293 |  1095 |  1891 |  1085 ||  4364
